 Dungeon Crawl Stone Soup version 0.22.1-5-g62c59d9 (webtiles) character file.

21 colophon the Sneak (level 3, 0/20 HPs)
             Began as a Kobold Enchanter on Jan 11, 2019.
             Slain by a kobold
             ... wielding a +1 dagger of venom
              (2 damage)
             ... on level 1 of the Dungeon.
             The game lasted 00:04:01 (1510 turns).

colophon the Sneak (Kobold Enchanter)               Turns: 1510, Time: 00:04:02

Health: 0/20       AC:  2    Str:  5    XL:     3   Next: 5%
Magic:  1/6        EV: 16    Int: 16    God:
Gold:   13         SH:  0    Dex: 16    Spells: 3/6 levels left

rFire    . . .     SeeInvis .   a - +1 dagger
rCold    . . .     Gourm    .   (shield restricted)
rNeg     . . .     Faith    .   b - +0 robe
rPois    .         Spirit   .   (no helmet)
rElec    .         Reflect  .   (no cloak)
rCorr    .         Harm     .   (no gloves)
MR       .....                  (no boots)
Stlth    +++.......             (no amulet)
HPRegen  0.06/turn              (no ring)
MPRegen  0.10/turn              (no ring)

@: lethally poisoned (0 -> -9), very slightly contaminated
A: small, carnivore
a: no special abilities


You were on level 1 of the Dungeon.
You were not hungry.

You visited 1 branch of the dungeon, and saw 1 of its levels.

You collected 13 gold pieces.

Inventory:

Hand Weapons
 a - a +1 dagger (weapon)
Armour
 b - a +0 robe (worn)
Scrolls
 c - 2 scrolls of teleportation {unknown}
 e - a scroll of identify {unknown}
Comestibles
 d - a ration


   Skills:
 + Level 1.0 Fighting
 + Level 2.0 Short Blades
 + Level 2.8 Dodging
 + Level 4.3 Stealth
 + Level 2.4 Spellcasting
 - Level 3.0 Hexes


You had 3 spell levels left.
You knew the following spells:

 Your Spells              Type           Power        Failure   Level  Hunger
a - Corona                Hex            ##.....      6%          1    #......
b - Ensorcelled Hibernat  Hex/Ice        #.....       16%         2    ###....

Your spell library contained the following spells:

 Spells                   Type           Power        Failure   Level  Hunger
 Confuse                  Hex            ##......     17%         3    ###....
 Tukima's Dance           Hex            ##......     17%         3    ###....
 Dazzling Spray           Conj/Hex       #.....       32%         3    ###....


Dungeon Overview and Level Annotations

Branches:
Dungeon (1/15)

Altars:


Innate Abilities, Weirdness & Mutations

You are small and have problems with some larger weapons.
You are carnivorous and can eat meat at any time.


Message History

The jackal is almost dead.
You feel sick. The jackal barely misses you. The kobold misses you.
The jackal barely misses you.
You feel sick. The kobold hits you but does no damage.
You feel sick. The kobold hits you but does no damage.
You feel sick. The jackal barely misses you.
* * * LOW HITPOINT WARNING * * *
You feel sick.
* * * LOW HITPOINT WARNING * * *
You feel sick. The jackal closely misses you.
* * * LOW HITPOINT WARNING * * *
You feel sick.
A kobold opens the door.
A hobgoblin comes into view. It is wielding a club.
* * * LOW HITPOINT WARNING * * *
You feel sick.
The hobgoblin shouts!
* * * LOW HITPOINT WARNING * * *
You feel sick.
The kobold hits you with a dagger of venom.
You die...

.....................#.#≈..(#
......................+≈...'
..............####.#≈§..#
...............##.#≈§..#
...............##.##≈..#
..............##.######
..#...........###.# ...
+...........# #.##
....#...@.......# ##.###
.......h#K#.....# ##..##
..g....h........#######..
....................# ###
.....##.......##....#####
.........................
.....#......####.....##..
.... #................... ...
..##..##....#...##...


You could see 2 jackals, a hobgoblin and a kobold.

Vanquished Creatures
  A dart slug (D:1)
  A giant cockroach (D:1)
  2 goblins (D:1)
  2 hobgoblins (D:1)
  2 jackals (D:1)
  4 kobolds (D:1)
  A bat (D:1)
  2 frilled lizards (D:1)
  4 rats (D:1)
19 creatures vanquished.

Notes
Turn   | Place    | Note
-------+----------+-------------------------------------------
     0 | D:1      | colophon the Kobold Enchanter began the quest for the Orb.
     0 | D:1      | Reached XP level 1. HP: 10/10 MP: 3/3
   132 | D:1      | Reached XP level 2. HP: 6/16 MP: 3/5
   139 | D:1      | Learned a level 2 spell: Ensorcelled Hibernation
  1428 | D:1      | Reached XP level 3. HP: 17/20 MP: 3/6
  1494 | D:1      | Reached skill level 1 in Fighting
  1510 | D:1      | Slain by a kobold

Skill      XL: |  1  2  3 |
---------------+----------+-----
Short Blades   | 2 |  2.0
Fighting       | 1 |  1.0
Dodging        | |  2.8
Stealth        | |  4.3
Spellcasting   | |  2.4
Hexes          | |  3.0

Action                   || total
-------------------------++-------
Melee: Dagger            ||    79
 Cast: Corona            ||    10
       Ensorcelled Hiber ||     9
  Use: Potion            ||     1
 Stab: Sleeping          ||     6
  Eat: Chunk             ||     4
Armor: Robe              ||    21
Dodge: Dodged            ||   109
